 Dungeon Crawl Stone Soup version 0.29-a0-483-g69413ace17 (webtiles) character file.

Game seed: 2373229614301867889

17 jlumianski the Skirmisher (level 2, -1/24 HPs)
             Began as a Demonspawn Fighter on May 25, 2022.
             Killed from afar by Natasha (5 damage)
             ... with a puff of flame
             ... on level 2 of the Dungeon.
             The game lasted 00:01:46 (452 turns).

jlumianski the Skirmisher (Demonspawn Fighter)       Turns: 452, Time: 00:01:47

Health: -1/24      AC:  6    Str: 16    XL:     2   Next: 44%
Magic:  2/2        EV:  8    Int:  9    God:
Gold:   110        SH:  4    Dex: 12    Spells: 1/1 levels left

rFire   . . .      SeeInvis .   a - +0 war axe
rCold   . . .      Faith    .   c - +0 buckler
rNeg    . . .      Spirit   .   b - +0 scale mail
rPois   .          Reflect  .   (no helmet)
rElec   .          Harm     .   (no cloak)
rCorr   .          Rampage  .   (no gloves)
Will    .....                   (no boots)
Stlth   ..........              (no amulet)
HPRegen 0.08/turn               (no ring)
MPRegen 0.08/turn               (no ring)

@: slowed, very slow
A: spiny 1
a: no special abilities


You were on level 2 of the Dungeon.
You visited 1 branch of the dungeon, and saw 2 of its levels.

You collected 110 gold pieces.

Inventory:

Hand Weapons
 a - a +0 war axe (weapon)
Missiles
 e - 38 stones (quivered)
Armour
 b - a +0 scale mail (worn)
 c - a +0 buckler (worn)
Scrolls
 h - 2 scrolls of teleportation {unknown}
 i - a scroll of identify {unknown}
Potions
 d - a potion of might
 f - 2 potions of heal wounds {unknown}
 g - a potion of magic {unknown}


   Skills:
 + Level 3.2 Fighting
 + Level 1.9 Axes
 + Level 3.0 Armour
 + Level 2.9 Shields


You had one spell level left.
You didn't know any spells.
Your spell library contained the following spells:

 Spells                   Type           Power      Damage    Failure   Level
 Corpse Rot               Necr/Pois/Air  0%         N/A       100%        4
 Dispel Undead            Necr           0%         3d6       100%        4
 Death Channel            Necr           0%         N/A       100%        6


Dungeon Overview and Level Annotations

Branches:
Dungeon (2/15)

Altars:

Annotations:
D:2 Natasha


Innate Abilities, Weirdness & Mutations

You are partially covered in sharp spines.


Message History

Natasha is lightly wounded.
Natasha casts a spell at you.
You feel yourself slow down.
You hit Natasha.
Natasha is moderately wounded.
Natasha stares at you and mumbles some strange words.
You feel as though you will be slow longer.
Natasha claws you but does no damage.
You closely miss Natasha.
Natasha is moderately wounded.
Natasha casts a spell.
Natasha howls an incantation.
You feel troubled. Natasha claws you but does no damage.
You closely miss Natasha.
Natasha is moderately wounded.
Natasha zaps a wand.
The puff of flame hits you. Natasha is struck by your spines.
Natasha claws you.
The shadow imp hits you but does no damage.
You miss Natasha.
Natasha is heavily wounded.
You barely miss the shadow imp. Natasha is struck by your spines.
Natasha barely misses you.
The shadow imp hits you but does no damage.
Natasha closely misses you. The shadow imp hits you.
Natasha zaps a wand.
The puff of flame hits you.
* * * LOW HITPOINT WARNING * * *
You hit Natasha but do no damage.
Natasha is heavily wounded.
You slash the shadow imp! You block the shadow imp's attack.
Natasha is struck by your spines. Natasha claws you.
* * * LOW HITPOINT WARNING * * *
The shadow imp is struck by your spines.
The shadow imp barely misses you.
Natasha zaps a wand.
You block the puff of flame.
You completely miss Natasha.
Natasha is heavily wounded.
You hit the shadow imp. You block the shadow imp's attack.
Natasha zaps a wand.
The puff of flame hits you.
You die...

## #### ..#...
##.#..##
#......
#..#..#### #
#...5h...#
#...#.#.@.###.#
#....<......#
###.#...#...#
.. ..........
## #..#.#....#
#..#.#....#
#..#.. ...#
...#...... ....
...


You could see Natasha and a shadow imp (summoned).

Vanquished Creatures
  A ball python (D:1)
  4 bats (D:1)
  An endoplasm (D:1)
  A hobgoblin (D:1)
  2 jackals (D:1)
  2 frilled lizards (D:1)
  2 kobolds (D:1)
  3 rats (D:1)
16 creatures vanquished.

Vanquished Creatures (others)
  3 toadstools (D:1)
3 creatures vanquished.

Grand Total: 19 creatures vanquished

Notes
Turn   | Place    | Note
-------+----------+-------------------------------------------
     0 | D:1      | jlumianski the Demonspawn Fighter began the quest for the
                  | Orb.
     0 | D:1      | Reached XP level 1. HP: 18/18 MP: 1/1
   101 | D:1      | Found a faded altar of an unknown god.
   281 | D:1      | Gained mutation: You are partially covered in sharp spines.
                  | [demonic ancestry]
   281 | D:1      | Reached XP level 2. HP: 24/24 MP: 2/2
   443 | D:2      | Noticed Natasha
   452 | D:2      | Killed from afar by Natasha

Illustrated notes

Levels and vault maps discovered:
D:1:      heliophobic_arrival_ceremonial_halls, layout_basic,
          ebering_ecumenical_altar_sacrificial, minmay_gold_behind_fungi
D:2:      layout_basic, minmay_misc_feat_enclosed, uniq_natasha

Skill      XL: |  1  2 |
---------------+-------+-----
Armour         | 3 |  3.0
Fighting       | |  3.2
Axes           | |  1.9
Shields        | |  2.9

Action                   || total
-------------------------++-------
Melee: War axe           ||    34
Armor: Scale mail        ||    33
Dodge: Dodged            ||    18
Block: Buckler           ||    12

Table legend: (Time is in decaauts)
 A = Elapsed time spent in this place.
 B = Non-inter-level travel time spent in this place.
 C = Inter-level travel time spent in this place.
 D = Time resting spent in this place.
 E = Time spent auto-exploring this place.
 F = Levels seen in this place.
 G = Mean time per level.
                   A        B        C        D        E       F      G
               +--------+--------+--------+--------+--------+-----+--------+
         Total |    470 |    470 |      0 |      0 |    246 |   2 |  235.0 |
       Dungeon |    470 |    470 |      0 |      0 |    246 |   2 |  235.0 |
               +--------+--------+--------+--------+--------+-----+--------+

Top non-repeatable levels by time:
     D:1: 455 daAuts
     D:2: 15 daAuts
